details: 'dragging out the 1v1 challenge from wysi21 til he ragequits'

« prev index next »

General information

Mini Map

Players

team 1
Humanwysi21 (red | 86 APM | 1867 actions | 21:45)
Hero icon 3 Archmage
Ability icon 2 Summon Water Elemental
Ability icon 1 Brilliance Aura
Hero icon 2 Mountain King
Ability icon 1 Storm Bolt
Ability icon 1 Bash

» actions
Assign group hotkey7
Basic commands15
Build / train75
Enter build submenu27
Enter hero's abilities submenu5
Right click1111
Select / deselect559
Select group hotkey10
Use ability58
1867 total
» units
Peasant22
Footman3
Rifleman7
Sorceress4
Mortar Team2
Flying Machine13
51 total
» upgrades
Long Rifles1
Gunpowder1
2 total
» buildings
Farm10
Altar of Kings1
Barracks1
Scout Tower4
Arcane Tower3
Blacksmith1
Arcane Vault1
Lumber Mill1
Keep1
Arcane Sanctum1
Workshop2
Guard Tower2
28 total
» build order
00:07 Farm
00:11 Altar of Kings
00:35 Farm
00:38 Barracks
01:21 Scout Tower
01:43 Farm
01:54 Arcane Tower
01:55 Arcane Tower
02:21 Farm
02:57 Blacksmith
03:32 Arcane Vault
04:05 Lumber Mill
04:15 Farm
04:24 Keep
06:23 Farm
07:14 Arcane Sanctum
08:40 Workshop
10:01 Farm
10:27 Farm
11:40 Workshop
12:30 Farm
13:47 Farm
20:45 Scout Tower
21:02 Guard Tower
21:04 Scout Tower
21:30 Guard Tower
21:33 Scout Tower
» items
Scroll of Regeneration5
Lesser Clarity Potion1
Scroll of Town Portal1
7 total
team 2
OrcPutinOnTheRitz (blue | 84 APM | 1834 actions | 21:45)
Hero icon 7 Blademaster
Ability icon 3 Wind Walk
Ability icon 3 Critical Strike
Ability icon 1 Bladestorm

» actions
Assign group hotkey114
Basic commands120
Build / train56
ESC pressed5
Enter build submenu44
Enter hero's abilities submenu7
Give item / drop item8
Right click804
Select / deselect289
Select group hotkey262
Use ability125
1834 total
» units
Peon8
Wind Rider7
Goblin Shredder1
Troll Batrider7
23 total
» upgrades
Ranged Weapons3
Envenomed Spears1
Reinforced Defenses1
Liquid Fire1
6 total
» buildings
Altar of Storms1
Orc Burrow4
Voodoo Lounge2
War Mill1
Watch Tower28
Stronghold1
Beastiary4
Fortress1
42 total
» build order
00:06 Altar of Storms
00:20 Orc Burrow
00:45 Voodoo Lounge
01:13 War Mill
02:37 Watch Tower
02:37 Watch Tower
03:38 Watch Tower
03:39 Watch Tower
04:34 Stronghold
05:25 Orc Burrow
05:30 Watch Tower
07:00 Beastiary
07:02 Beastiary
07:07 Orc Burrow
07:08 Beastiary
07:11 Beastiary
08:29 Orc Burrow
10:24 Watch Tower
10:26 Watch Tower
10:28 Watch Tower
10:30 Watch Tower
12:07 Fortress
15:43 Watch Tower
15:44 Watch Tower
15:45 Watch Tower
15:47 Watch Tower
15:50 Watch Tower
16:04 Watch Tower
16:06 Watch Tower
17:42 Watch Tower
17:42 Watch Tower
17:43 Watch Tower
17:44 Watch Tower
18:10 Watch Tower
18:11 Watch Tower
18:13 Watch Tower
19:06 Voodoo Lounge
19:19 Watch Tower
19:20 Watch Tower
19:36 Watch Tower
19:38 Watch Tower
19:40 Watch Tower
» items
Lesser Clarity Potion8
Healing Salve3
Boots of Speed1
Staff of Teleportation1
Potion of Healing1
Orb of Lightning1
Tiny Great Hall1
16 total